 Dungeon Crawl Stone Soup version 0.29-a0-973-gac7da5f7f0 (webtiles) character file.

Game seed: 11765690765897615937

123436 Ishtari the Peltast (level 16, 0/134 (151) HPs)
             Began as a Hill Orc Fighter on July 31, 2022.
             Was the Champion of Ru.
             Succumbed to a death drake's dark miasma
             ... on level 3 of the Swamp.
             The game lasted 01:17:25 (30077 turns).

Ishtari the Peltast (Hill Orc Fighter)             Turns: 30077, Time: 01:17:26

HP:   0/134 (151)   AC: 39    Str: 23    XL:     16   Next: 90%
MP:   7/16          EV:  8    Int: 12    God:    Ru [******]
Gold: 867           SH: 18    Dex: 11    Spells: 11/15 levels left

rFire   . . .      SeeInvis .   l - +10 whip "Killer Bee's Peril" {freeze, Str+2}
rCold   + . .      Faith    .   F - +0 kite shield {reflect}
rNeg    + + .      Spirit   .   B - +14 chain mail "Loingaz" {rN++ Int+6 Dex-5}
rPois   +          Reflect  +   n - +1 helmet
rElec   .          Harm     .   R - +2 cloak
rCorr   .          Rampage  .   b - +2 pair of gloves {infuse}
Will    ++...                   q - +1 pair of boots
Stlth   ..........              U - amulet of reflection
HPRegen 0.32/turn               W - +4 ring of protection
MPRegen 0.15/turn               r - ring of poison resistance

@: lethally poisoned (0 -> -8), exhausted, slowed, heavily drained, very slow
A: dopey 1, no stealth, hated by all, inability to train dodging, no
conjurations magic, no fire magic, no transmutations magic, reduced AC 1, talons
1, cold resistance 1, strong-willed 1
a: Renounce Religion, Draw Out Power, Power Leap, Apocalypse


You were on level 3 of the Swamp.
You worshipped Ru.
Ru was exalted by your worship.
You visited 5 branches of the dungeon, and saw 26 of its levels.
You visited the Abyss 1 time.
You visited 1 bazaar.

You collected 2292 gold pieces.
You spent 1425 gold pieces at shops.

Inventory:

Hand Weapons
 a - the +8 mace "Ettoocvell" {flame, rElec rPois Str+5 Dex-5}
   (You bought it in a shop on level 2 of the Orcish Mines)

   It burns those it strikes, dealing additional fire damage.
   Str:       It affects your strength (+5).
   Dex:       It affects your dexterity (-5).
   rElec:     It insulates you from electricity.
   rPois:     It protects you from poison.
 f - a +2 scimitar of flaming
 l - the +10 whip "Killer Bee's Peril" (weapon) {freeze, Str+2}
   (You found it on level 2 of the Dungeon)

   It freezes those it strikes, dealing additional cold damage.
   It can also slow down cold-blooded creatures.
   Str:       It affects your strength (+2).
 t - a +4 trident of flaming
 K - a +2 vorpal morningstar
 S - the +8 short sword of Utsoon {freeze, rPois rCorr}
   (You found it on level 3 of the Lair of Beasts)

   It freezes those it strikes, dealing additional cold damage.
   It can also slow down cold-blooded creatures.
   rPois:     It protects you from poison.
   rCorr:     It protects you from acid and corrosion.
Missiles
 D - 9 throwing nets (quivered)
Armour
 b - a +2 pair of gloves of infusion (worn)
 c - a +1 helmet
 n - a +1 helmet (worn)
 q - a +1 pair of boots (worn)
 y - a +3 buckler
 z - a +2 pair of gloves
 B - the +14 chain mail "Loingaz" (worn) {rN++ Int+6 Dex-5}
   (You found it on level 7 of the Dungeon)

   Int:       It affects your intelligence (+6).
   Dex:       It affects your dexterity (-5).
   rN:        It greatly protects you from negative energy.
 F - a +0 kite shield of reflection (worn)
 R - a +2 cloak (worn)
Jewellery
 h - a ring of protection from fire
 r - a ring of poison resistance (right hand)
 s - an amulet of guardian spirit
 I - a +6 ring of intelligence
 J - an amulet of the acrobat
 L - an amulet of regeneration
 U - an amulet of reflection (around neck)
 W - a +4 ring of protection (left hand)
 X - a ring of fire
 Y - a ring of flight
 Z - a ring of fire
Wands
 p - a wand of quicksilver (11)
 w - a wand of mindburst (13)
 G - a wand of flame (26)
 M - a wand of iceblast (35)
 N - a wand of digging (5)
 O - a wand of paralysis (15)
Scrolls
 e - 3 scrolls of fear
 g - 4 scrolls of magic mapping
 j - 3 scrolls of butterflies
 o - 10 scrolls of identify
 v - 4 scrolls of amnesia
 A - 7 scrolls of teleportation
 C - a scroll of silence
 T - a scroll of enchant armour
 V - a scroll of summoning
Potions
 d - a potion of might
 i - 9 potions of ambrosia
 k - a potion of berserk rage
 m - a potion of brilliance
 u - 4 potions of flight
 x - 5 potions of resistance
 E - a potion of magic
 H - a potion of invisibility {unknown}
 P - 4 potions of attraction
 Q - 4 potions of haste


   Skills:
 + Level 16.2 Fighting
 + Level 5.8 Long Blades
 + Level 16.2 Maces & Flails
 + Level 3.2 Polearms
 + Level 1.3 Throwing
 + Level 15.1 Armour
 + Level 16.8 Shields
 + Level 3.4 Evocations


You had 11 spell levels left.
You knew the following spells:

 Your Spells              Type           Power      Damage    Failure   Level
a - Sublimation of Blood  Necr           0%         N/A       98%         2
b - Wereblood             Tmut           0%         N/A       98%         2

Your spell library contained the following spells:

 Spells                   Type           Power      Damage    Failure   Level
 Ensorcelled Hibernation  Hex/Ice        0%         N/A       98%         2
 Confusing Touch          Hex            0%         N/A       100%        3
 Portal Projectile        Hex/Tloc       0%         N/A       100%        3
 Anguish                  Hex/Necr       0%         N/A       100%        4
 Leda's Liquefaction      Hex/Erth       0%         N/A       100%        4
 Borgnjor's Vile Clutch   Necr/Erth      0%         N/A       100%        5
 Lee's Rapid Deconstruct  Erth           0%         3d5*      100%        5
 Enfeeble                 Hex            0%         N/A       100%        7
 Call Canine Familiar     Summ           Unusable   N/A       N/A         3
 Spider Form              Tmut/Pois      Unusable   N/A       N/A         3
 Summon Guardian Golem    Hex/Summ       Unusable   N/A       N/A         3
 Tukima's Dance           Hex            Unusable   N/A       N/A         3
 Animate Dead             Necr           Unusable   N/A       N/A         4
 Fulminant Prism          Conj/Hex       Unusable   3d6       N/A         4
 Iskenderun's Mystic Bla  Conj/Tloc      Unusable   2d3       N/A         4
 Blade Hands              Tmut           Unusable   N/A       N/A         5
 Yara's Violent Unravell  Hex/Tmut       Unusable   3d3       N/A         5
 Death Channel            Necr           Unusable   N/A       N/A         6
 Orb of Destruction       Conj           Unusable   9d5       N/A         7
 Spellforged Servitor     Conj/Summ      Unusable   N/A       N/A         7
 Summon Hydra             Summ           Unusable   N/A       N/A         7

Dungeon Overview and Level Annotations

Branches:
Dungeon (15/15)            Temple (1/1) D:7            Lair (5/5) D:10
  Swamp (3/4) Lair:2       Spider (0/4) Lair:3        Slime (0/5) Lair:5
    Orc (2/2) D:12            Elf (0/3) Orc:2        Vaults (0/5) D:13
 Depths (0/4) D:15

Altars:
Ashenzari
Cheibriados
Dithmenos
Elyvilon
Gozag
Kikubaaqudgha
Makhleb
Nemelex Xobeh
Okawaru
Ru
Sif Muna
Trog
Uskayaw
Xom
Zin
The Shining One

Shops:
D:4 (*   D:8 !   Orc:2 [(?*

Annotations:
D:7 2 transporters, qborf's ghost, novice MiCK
D:9 3 runed translucent doors, exclusion: obsidian statue, PaleRider's ghost, novice DrFi
Lair:2 3 runed translucent doors, t4s4d4r's ghost, journeyman MeFi
Swamp:1 Louise; Roxanne
Swamp:3 1 transporter


Innate Abilities, Weirdness & Mutations

You are dopey. (Int -2)
You cannot be stealthy.
You are hated by all.
You cannot train Dodging skill.
You cannot study or cast Conjurations magic.
You cannot study or cast Fire magic.
You cannot study or cast Transmutations magic.
You take slightly more damage. (AC -5)
You have sharp toenails.
Your flesh is cold resistant. (rC+)
You are strong-willed. (Will+)


Message History

The foul vapour engulfs you!!
You are poisoned.
You whack the death drake!
The death drake seems to slow down.
You freeze the death drake.
The death drake is moderately wounded.
You are engulfed in dark miasma.
You feel yourself slow down.
* * * LOW HITPOINT WARNING * * *
You feel sick.
Okay, then.
You don't have enough magic at the moment.
Magic courses through your body.
You are engulfed in dark miasma.
You are more poisoned.
You feel as though you will be slow longer.
* * * LOW HITPOINT WARNING * * *
x2 You feel extremely sick.
You block the death drake's attack.
Okay, then.
Activating: Apocalypse
Press: ? - help, Dir - look around, f - activate You reveal the great annihilating truth to your foes!
The death drake is paralysed by terrible understanding!
The alligator is paralysed by terrible understanding!
You feel drained.
* * * LOW HITPOINT WARNING * * *
You feel extremely sick.
You hear a deafening roar!
The helpless death drake fails to defend itself.
You thrash the death drake!! You freeze the death drake.
You kill the death drake!
* * * LOW HITPOINT WARNING * * *
You feel very sick.
* * * LOW HITPOINT WARNING * * *
You feel very sick.
You see here a death drake corpse.
The helpless alligator fails to defend itself.
You thrash the alligator!! You freeze the alligator.
You kill the alligator!
* * * LOW HITPOINT WARNING * * *
You feel sick.
You die...

♣..≈♣ ♣..§≈.♣♣
♣♣♣ ...≈
♣♣≈..).♣♣
♣♣≈..≈.♣♣
♣♣†≈§.§♣
♣♣♣♣≈≈≈≈.♣
♣♣♣.>.≈≈.≈♣♣ ♣
...≈≈§≈≈.).♣♣.♣♣.
≈≈≈§≈§≈≈†≈..≈≈...
.......@†))≈...≈.
#########.....≈≈.
#..kHifX##...≈..♣
8.##H##i8#.§≈.§..
. #. #$$#.≈.≈..≈
. .[)#....≈.. ©
..$©#©...≈.≈ ..
..."|#..≈≈.≈.


You could see a tentacled monstrosity, a shambling mangrove, a death drake
(strong), 2 fenstrider witches and 2 spriggan berserkers.

Vanquished Creatures
  Rupert (D:14)
  A thorn hunter (Swamp:2)
  Frances (Swamp:1)
  Donald (Swamp:1)
  An ironbound preserver (D:13)
  6 eleionomae
  7 bunyips
  An eidolon (Abyss:2)
  8 hydras
  A ghost crab (Swamp:1)
  A catoblepas (D:14)
  2 boulder beetles
  7 two-headed ogres
  6 centaur warriors
  A death knight (D:13)
  3 death yaks (Lair:3)
  An ogre mage (D:15)
  2 alligators
  4 orc high priests (Orc:2)
  4 tengu warriors
  Sonja (Lair:1)
  4 skeletal warriors (D:13)
  5 goliath frogs
  A glowing orange brain (D:15)
  A shadow wraith (Abyss:2)
  2 spriggan druids
  A death drake (Swamp:3)
  4 bog bodies
  A phantasmal warrior (D:13)
  2 deep elf pyromancers
  5 orc knights
  3 orc sorcerers (Orc:2)
  A wolf spider (D:15)
  7 ugly things
  5 manticores
  4 slime creatures (D:15)
  3 cyclopes
  A will-o-the-wisp (Lair:2)
  19 elephants
  7 centaur zombies (D:10)
  8 komodo dragons
  22 cane toads
  2 tengu conjurers (D:14)
  2 freezing wraiths (D:12)
  3 unseen horror zombies (D:10)
  2 kobold demonologists
  A komodo dragon (shapeshifter) (D:15)
  6 rime drakes
  An efreet (D:14)
  A red devil (Abyss:2)
  6 meliai
  2 queen bees
  8 trolls
  A merfolk (D:12)
  6 hornets
  4 polar bears
  A small abomination (Abyss:2)
  9 tyrant leeches
  9 blink frogs (Lair:5)
  27 dream sheep
  A tarantella (shapeshifter) (D:13)
  56 yaks
  A shadow (D:9)
  6 spriggans
  A vampire (D:14)
  A wraith (D:12)
  Sigmund (D:2)
  6 wyverns
  7 basilisks
  6 redbacks (Lair:3)
  9 vampire mosquitoes
  2 wargs (D:15)
  3 steam dragons
  3 swamp worms
  2 acid dragons
  20 water moccasins
  16 orc warriors
  3 ice beasts
  A black bear (Lair:3)
  26 wolves
  6 ogres
  11 centaurs
  A phantom (D:6)
  4 gnoll sergeants (D:8)
  3 kobold brigands
  2 necrophages
  20 bullfrogs
  3 scorpions
  67 killer bees
  2 vampire bats (Lair:1)
  A howler monkey (D:5)
  4 electric eels (Lair:5)
  9 hounds
  3 jellies
  13 orc priests
  3 gnoll boudas (D:8)
  Ijyb (D:4)
  Natasha (D:3)
  A hell rat (Lair:2)
  4 iguanas
  14 orc wizards
  A howler monkey zombie (D:10)
  22 gnolls
  8 adders
  3 shadow imps
  5 white imps
  An ufetubus (D:4)
  54 orcs
  5 endoplasms
  3 giant cockroaches
  7 hobgoblins
  5 jackals
  3 quokkas
  A ball python (D:3)
  9 bats
  2 frilled lizards (D:3)
  2 goblins
  22 kobolds
  5 rats
  A spectral hobgoblin (D:15)
760 creatures vanquished.

Vanquished Creatures (others)
  A hydra (Lair:2)
  A cyclops (D:13)
  A bloated husk (Swamp:1)
  A yak (D:10)
  A swamp worm (Swamp:1)
  2 orc warriors (Orc:1)
  An ogre (Orc:2)
  A centaur (D:13)
  A killer bee (D:11)
  An orc priest (Orc:2)
  7 orcs
  3 demonic plants (D:4)
  8 foxfires (Swamp:1)
  31 fungi
  103 plants
163 creatures vanquished.

Grand Total: 923 creatures vanquished

Notes
Turn   | Place    | Note
-------+----------+-------------------------------------------
     0 | D:1      | Ishtari the Hill Orc Fighter began the quest for the Orb.
     0 | D:1      | Reached XP level 1. HP: 19/19 MP: 1/1
    60 | D:1      | Reached XP level 2. HP: 8/27 MP: 2/2
    64 | D:1      | HP: 1/27 [kobold/+0 club (4)]
   687 | D:1      | Found a faded altar of an unknown god.
   901 | D:1      | Found a glowing silver altar of Zin.
  1146 | D:2      | Noticed Sigmund
  1149 | D:2      | Reached XP level 3. HP: 33/33 MP: 3/3
  1156 | D:2      | Killed Sigmund
  1157 | D:2      | Reached XP level 4. HP: 28/40 MP: 4/4
  1157 | D:2      | Reached XP level 5. HP: 33/46 MP: 5/5
  1295 | D:2      | Identified the +10 whip "Killer Bee's Peril" {freeze,
                  | Str+2}
  1593 | D:2      | Learned a level 2 spell: Sublimation of Blood
  1600 | D:2      | Learned a level 2 spell: Wereblood
  1918 | D:3      | Gained mutation: You have a pair of small horns on your
                  | head. [potion of mutation]
  2090 | D:3      | Noticed Natasha
  2094 | D:3      | Killed Natasha
  2103 | D:3      | Reached XP level 6. HP: 52/52 MP: 6/6
  2127 | D:3      | Found a white marble altar of Elyvilon.
  2349 | D:4      | Found Yryge's Antique Weapon Shop.
  2374 | D:4      | Reached skill level 5 in Long Blades
  2485 | D:4      | Found Vuig's General Store.
  2491 | D:4      | Bought a potion of mutation for 80 gold pieces
  2491 | D:4      | Lost mutation: You have a pair of small horns on your head.
                  | [potion of mutation]
  2491 | D:4      | Gained mutation: You have sharp toenails. [potion of
                  | mutation]
  2491 | D:4      | Gained mutation: You are strong-willed. (Will+) [potion of
                  | mutation]
  2491 | D:4      | Gained mutation: Your flesh is cold resistant. (rC+)
                  | [potion of mutation]
  2639 | D:4      | Found an ancient bone altar of Kikubaaqudgha.
  2645 | D:4      | Noticed Ijyb
  2652 | D:4      | Killed Ijyb
  2749 | D:4      | Reached skill level 1 in Maces & Flails
  2965 | D:4      | Reached skill level 1 in Dodging
  3046 | D:4      | Noticed an ice beast
  3058 | D:4      | Killed an ice beast
  3059 | D:4      | Reached XP level 7. HP: 28/60 MP: 7/7
  3286 | D:4      | Found a bloodstained altar of Trog.
  3291 | D:4      | Reached skill level 5 in Fighting
  3596 | D:5      | Entered Level 5 of the Dungeon
  3613 | D:5      | Reached skill level 5 in Armour
  3761 | D:5      | Reached XP level 8. HP: 68/68 MP: 8/8
  4307 | D:5      | Found a shimmering blue altar of Sif Muna.
  4472 | D:6      | Reached skill level 5 in Maces & Flails
  4512 | D:6      | Reached skill level 5 in Shields
  5359 | D:7      | Reached XP level 9. HP: 72/74 MP: 9/9
  5390 | D:7      | Reached skill level 1 in Stealth
  5709 | D:7      | Found a staircase to the Ecumenical Temple.
  5730 | Temple   | Entered the Ecumenical Temple
  5899 | Temple   | Became a worshipper of Ru the Awakened
  5974 | D:7      | Found a transporter.
  5976 | D:7      | Noticed a moth of wrath
  5982 | D:7      | Found a bloodstained altar of Trog.
  5982 | D:7      | Found a transporter.
  6007 | D:7      | Noticed qborf's ghost (novice MiCK)
  6009 | D:7      | Noticed a two-headed ogre
  6121 | D:7      | Identified the +14 chain mail "Loingaz" {rN++ Int+6 Dex-5}
  6571 | D:8      | Gained mutation: You are hated by all. [Ru sacrifice]
  6571 | D:8      | Reached * piety under Ru
  6571 | D:8      | Reached ** piety under Ru
  6875 | D:8      | Reached skill level 1 in Evocations
  6881 | D:8      | Reached XP level 10. HP: 63/83 MP: 10/10
  7161 | D:8      | Found Qanom's Distillery.
  7168 | D:8      | Bought a potion of heal wounds for 70 gold pieces
  7168 | D:8      | Bought a potion of heal wounds for 70 gold pieces
  7819 | D:9      | Noticed a two-headed ogre
  7827 | D:9      | Killed a two-headed ogre
  7834 | D:9      | Reached skill level 10 in Maces & Flails
  8430 | D:9      | Found a runed translucent gate.
  8430 | D:9      | Found a runed translucent gate.
  8430 | D:9      | Found a runed translucent gate.
  8432 | D:9      | Found an opulent altar of Gozag.
  8432 | D:9      | Noticed a two-headed ogre
  8433 | D:9      | Noticed an obsidian statue
  8433 | D:9      | Noticed PaleRider's ghost (novice DrFi)
  8435 | D:9      | Noticed a centaur warrior
  8604 | D:10     | Entered Level 10 of the Dungeon
  8619 | D:10     | Reached XP level 11. HP: 92/92 MP: 11/11
  9042 | D:10     | Gained mutation: You cannot be stealthy. [Ru sacrifice]
  9132 | D:10     | Found a staircase to the Lair.
  9150 | D:10     | Reached skill level 10 in Armour
  9350 | D:10     | Noticed a two-headed ogre
  9356 | D:10     | Killed a two-headed ogre
  9740 | Lair:1   | Entered Level 1 of the Lair of Beasts
  9848 | Lair:1   | Found a hide-covered altar of Uskayaw.
  9883 | Lair:1   | Reached XP level 12. HP: 97/105 MP: 12/12
 10277 | Lair:1   | Reached skill level 10 in Fighting
 10698 | Lair:1   | Noticed Sonja
 10713 | Lair:1   | Killed Sonja
 11904 | Lair:2   | Found a runed translucent gate.
 11904 | Lair:2   | Found a runed translucent gate.
 11904 | Lair:2   | Found a runed translucent gate.
 11961 | Lair:2   | Gained mutation: You are dopey. (Int -2) [Ru sacrifice]
 11961 | Lair:2   | Reached *** piety under Ru
 12359 | Lair:2   | Reached skill level 5 in Dodging
 12388 | Lair:2   | Reached skill level 10 in Shields
 12493 | Lair:2   | Reached XP level 13. HP: 107/116 MP: 13/13
 13054 | Lair:2   | Noticed t4s4d4r's ghost (journeyman MeFi)
 13129 | Lair:2   | Found a staircase to the Swamp.
 13664 | Lair:3   | Reached skill level 1 in Polearms
 13744 | Lair:3   | Found a sparkling altar of Nemelex Xobeh.
 13991 | Lair:3   | Found a hole to the Spider Nest.
 14150 | Lair:3   | Identified the +8 short sword of Utsoon {freeze, rPois
                  | rCorr}
 14254 | Lair:3   | Gained mutation: You cannot study or cast Fire magic. [Ru
                  | sacrifice]
 14254 | Lair:3   | Gained mutation: You cannot study or cast Transmutations
                  | magic. [Ru sacrifice]
 14254 | Lair:3   | Gained mutation: You cannot study or cast Conjurations
                  | magic. [Ru sacrifice]
 14254 | Lair:3   | Reached **** piety under Ru
 14754 | Lair:3   | Reached skill level 1 in Throwing
 15804 | Lair:4   | Reached XP level 14. HP: 84/126 MP: 14/14
 16533 | Lair:4   | Gained mutation: You cannot train Dodging skill. [Ru
                  | sacrifice]
 16533 | Lair:4   | Reached ***** piety under Ru
 16598 | Lair:5   | Entered Level 5 of the Lair of Beasts
 17677 | Lair:5   | Found a staircase to the Slime Pits.
 19149 | D:11     | Gained mutation: You take slightly more damage. (AC -5) [Ru
                  | sacrifice]
 19149 | D:11     | Reached ****** piety under Ru
 19807 | D:12     | Found a staircase to the Orcish Mines.
 20249 | Orc:1    | Entered Level 1 of the Orcish Mines
 20421 | Orc:2    | Entered Level 2 of the Orcish Mines
 20515 | Orc:2    | Reached XP level 15. HP: 117/125 MP: 6/15
 20524 | Orc:2    | Found a staircase to the Elven Halls.
 20818 | Orc:2    | Found Otsamiz's Assorted Antiques.
 20818 | Orc:2    | Found Kudis's Magic Scroll Shop.
 20820 | Orc:2    | Found Colyclu's Weapon Shoppe.
 20820 | Orc:2    | Found Qidol's Antique Armour Shop.
 20831 | Orc:2    | Bought the +8 mace "Ettoocvell" {flame, rElec rPois Str+5
                  | Dex-5} for 763 gold pieces
 20832 | Orc:2    | Bought an embroidered cloak for 202 gold pieces
 21042 | Orc:2    | Found a flickering gateway to a bazaar.
 21173 | Bazaar   | Entered a bazaar
 21173 | Bazaar   | Found Koare's Antique Weapon Shoppe.
 21173 | Bazaar   | Found Oplym's Antique Armour Shoppe.
 21173 | Bazaar   | Found Zitwien's Distillery.
 21191 | Bazaar   | Bought a pair of runed gloves for 240 gold pieces
 21242 | Bazaar   | Found Piohieli's Jewellery Emporium.
 21264 | Bazaar   | Found Qumaif's General Store.
 23132 | D:13     | Reached skill level 15 in Maces & Flails
 23375 | D:13     | Found a gate to the Vaults.
 23806 | D:14     | You fall into a shaft and drop 1 floor!
 23806 | D:15     | Entered Level 15 of the Dungeon
 23840 | D:14     | Reached skill level 15 in Shields
 24037 | D:14     | Noticed Rupert
 24066 | D:14     | Killed Rupert
 25075 | D:14     | Reached skill level 15 in Fighting
 25606 | D:15     | Reached XP level 16. HP: 136/149 MP: 0/16
 26169 | D:15     | Found a staircase to the Depths.
 26539 | D:15     | Found a sacrificial altar of Ru.
 27285 | Swamp:1  | Entered Level 1 of the Swamp
 27348 | Swamp:1  | Noticed Donald
 27366 | Swamp:1  | Killed Donald
 28193 | Swamp:1  | Noticed Roxanne
 28210 | Swamp:1  | Noticed Frances
 28213 | Swamp:1  | Noticed Louise
 28219 | Swamp:1  | Killed Frances
 28832 | Abyss:2  | Cast into level 2 of the Abyss (Louise)
 28904 | Abyss:3  | Found a corrupted altar of Lugonu.
 28942 | Swamp:1  | Escaped the Abyss
 29377 | Swamp:2  | Noticed a thorn hunter
 29402 | Swamp:2  | Killed a thorn hunter
 29783 | Swamp:3  | Reached skill level 15 in Armour
 30006 | Swamp:3  | Noticed a tentacled monstrosity
 30010 | Swamp:3  | Noticed a fenstrider witch
 30010 | Swamp:3  | Noticed a fenstrider witch
 30031 | Swamp:3  | Found a transporter.
 30075 | Swamp:3  | HP: 3/131 [poisoned by a death drake (dark miasma)]
 30077 | Swamp:3  | Succumbed to a death drake's dark miasma

Illustrated notes

Levels and vault maps discovered:
D:1:      dpeg_arrival_water_altar, layout_rooms,
          hellmonk_ecumenical_altar_leap_of_faith
D:2:      layout_basic, uniq_sigmund
D:3:      layout_basic, amcnicky_altar_gilded, uniq_natasha
D:4:      layout_loops_ring, mainiacjoe_overflow_catwalk,
          mainiacjoe_overflow_chevrons, serial_shops, nicolae_square_shop,
          serial_demonic, serial_demonic_e, serial_demonic_e, serial_demonic_e,
          serial_demonic_e, nicolae_stop_n_shop_1, nicolae_zen_rock_garden,
          uniq_ijyb
D:5:      layout_rooms, mainiacjoe_overflow_alcove_4, nicolae_sextant
D:6:      layout_loops_ring
D:7:      layout_basic, minmay_temple_entry_glass,
          gammafunk_ghost_wrathful_warriors, minivault_24
D:8:      layout_cave_pools, serial_gnoll_camp, gnoll_camp_mini_basic,
          gnoll_camp_medium_01, gnoll_camp_medium_02, gnoll_camp_mini_shop,
          gnoll_camp_mini_house, gnoll_camp_mini_hut
D:9:      layout_long_grid, ebering_ghost_gozag, due_unseen_surprise
D:10:     layout_basic, lemuel_round_altar, nicolae_yredelemnul_corpse_copse,
          lair_entry_dummy
D:11:     layout_roguey
D:12:     layout_stronghold, minmay_orc_entry_temple_small,
          hangedman_decor_clover_reticule, hangedman_fish_farm
D:13:     layout_irregular_city, skrybe_vaults_entry_preservation,
          kennysheep_generic_room_7
D:14:     layout_basic, minivault_19, special_room [special_room_bee],
          fedhas_altar_2, uniq_rupert
D:15:     gammafunk_enter_depths_forms, layout_loops_ring,
          nicolae_ru_path_of_blood, nicolae_hepliaklqana_monster_ancestors
Temple:   nicolae_temple_x_marks_the_god
Lair:1:   hellmonk_destroyed_diamonds, layout_small_grid, basic_altar,
          st_stairs_9, roderic_batcave, uniq_sonja
Lair:2:   regret_index_wax_grids, layout_small_grid, palyth_hydra_swamp_entry,
          gammafunk_ghost_ooze, grunt_megastairs_3, serial_bayou_shore_b
Lair:3:   layout_gridlike, nicolae_spider_entry_tight_spaces, basic_altar
Lair:4:   layout_hall_layers, chequers_serial_rivers_micro_e
Lair:5:   minmay_lair_end_frog_pond, layout_regular_city, slime_entry_1,
          lemuel_fruit_tree, infiniplex_staircase_pool, serial_bayou_shore_a
Swamp:1:  layout_basic_swamp, evilmike_swamp_ruin_house_2, swamp_pool3,
          uniq_louise, uniq_donald, uniq_frances, uniq_roxanne
Swamp:2:  layout_falls_marsh, nicolae_swamp_round_clearing
Swamp:3:  gammafunk_sealed_arena, layout_basic_swamp,
          nicolae_swamp_very_dense_foliage, swamp_pool1,
          nicolae_swamp_alligator_family
Orc:1:    layout_caves, nicolae_shop_gadgets
Orc:2:    grunt_orc_tribal_feast, layout_caves, serial_shops, freezing_bzr

Skill      XL: |  1  2  3  4  5  6  7  8  9 10 11 12 13 14 15 16 |
---------------+-------------------------------------------------+-----
Fighting       | 4 5 6 7 9 11 12 13 15 16 | 16.2
Long Blades    | 4 5 |  5.8
Armour         | 4 5 6 7 9 10 11 12 13 14 15 | 15.1
Shields        | 4 5 6 7 8 10 11 13 15 16 | 16.8
Maces & Flails | 2 3 6 8 10 12 13 14 15 16 | 16.2
Dodging        | 1 2 3 4 5 0 |  0.0
Stealth        | 1 0 |  0.0
Evocations     | 1 2 3 |  3.4
Polearms       | 3 |  3.2
Throwing       | 1 |  1.3

Action                   |  1- 3 |  4- 6 |  7- 9 | 10-12 | 13-15 | 16-18 || total
-------------------------+-------+-------+-------+-------+-------+-------++-------
Melee: Long sword        |    68 |     8 |       |       |       |       ||    76
       Whip              |       |    91 |   253 |   835 |  1141 |   300 ||  2620
       Headbutt          |       |     1 |       |       |       |       ||     1
       Kick              |       |    18 |     6 |       |       |       ||    24
       Trident           |       |       |       |       |    24 |       ||    24
       Mace              |       |       |       |       |   383 |   211 ||   594
       Scimitar          |       |       |       |       |       |    22 ||    22
Throw: Boomerang         |       |       |     4 |       |     1 |       ||     5
Invok: Sacrifice Love    |       |       |     1 |       |       |       ||     1
       Sacrifice Stealth |       |       |       |     1 |       |       ||     1
       Sacrifice Purity  |       |       |       |     1 |       |       ||     1
       Power Leap        |       |       |       |       |     5 |       ||     5
       Draw Out Power    |       |       |       |       |     1 |       ||     1
       Sacrifice Arcana  |       |       |       |       |     1 |       ||     1
       Apocalypse        |       |       |       |       |     4 |     4 ||     8
       Sacrifice Health  |       |       |       |       |     1 |       ||     1
       Sacrifice Nimblen |       |       |       |       |     1 |       ||     1
Evoke: Wand              |       |       |     5 |     9 |    17 |     1 ||    32
  Use: Scroll            |     6 |     4 |     8 |     8 |     8 |     3 ||    37
       Potion            |       |     8 |     1 |     2 |    13 |     6 ||    30
 Stab: Invisible         |       |       |       |     3 |     3 |     6 ||    12
       Paralysed         |       |       |       |     2 |     3 |     6 ||    11
       Distracted        |       |       |       |       |     2 |     4 ||     6
Armor: Scale mail        |    47 |    51 |    57 |       |       |       ||   155
       Chain mail        |       |       |    77 |   463 |   681 |   181 ||  1402
Dodge: Dodged            |    33 |    33 |    88 |   307 |   356 |    76 ||   893
Block: Buckler           |    21 |    25 |    82 |   297 |   673 |    75 ||  1173
       Reflection        |       |       |       |       |    29 |     2 ||    31
       Kite shield       |       |       |       |       |       |   145 ||   145

Table legend: (Time is in decaauts)
 A = Elapsed time spent in this place.
 B = Non-inter-level travel time spent in this place.
 C = Inter-level travel time spent in this place.
 D = Time resting spent in this place.
 E = Time spent auto-exploring this place.
 F = Levels seen in this place.
 G = Mean time per level.
                   A        B        C        D        E       F      G
               +--------+--------+--------+--------+--------+-----+--------+
         Total |  29010 |  27915 |   1095 |   6280 |  16764 |  29 | 1000.3 |
       Dungeon |  16230 |  15544 |    686 |   2695 |  10524 |  15 | 1082.0 |
        Temple |    175 |    165 |     10 |    159 |      0 |   1 |  175.0 |
          Lair |   9144 |   8799 |    345 |   2422 |   4962 |   5 | 1828.8 |
         Swamp |   1957 |   1950 |      7 |    640 |    789 |   3 |  652.3 |
  Orcish Mines |   1276 |   1231 |     45 |    351 |    488 |   2 |  638.0 |
         Abyss |    106 |    106 |      0 |     12 |      0 |   2 |   53.0 |
        Bazaar |    119 |    119 |      0 |      0 |      0 |   1 |  119.0 |
               +--------+--------+--------+--------+--------+-----+--------+

Top non-repeatable levels by time:
  Lair:2: 2604 daAuts
  Lair:5: 1902 daAuts
  Lair:1: 1789 daAuts
    D:14: 1720 daAuts
    D:13: 1698 daAuts
    D:15: 1670 daAuts
  Lair:3: 1560 daAuts
  Lair:4: 1286 daAuts
     D:4: 1262 daAuts
     D:9: 1238 daAuts
    D:10: 1103 daAuts
    D:12: 1036 daAuts
   Orc:2: 1022 daAuts
     D:1: 965 daAuts
     D:8: 913 daAuts
